 Dungeon Sprint DCSS version 0.21.1-1-g345015f (webtiles) character file.

10600000 Fang the Axe Maniac (level 27, -2/273 HPs)
             Began as a Minotaur Gladiator on May 21, 2018.
             Was the Champion of Makhleb.
             Killed by divine providence
             ... invoked by an observer
              (13 damage)
             ... in the Dungeon (Sprint VIII: "Arena of Blood").
             The game lasted 00:01:17 (106 turns).

Fang the Axe Maniac (Minotaur Gladiator)             Turns: 106, Time: 00:01:19

Health: -2/273     AC:  6    Str: 30    XL:     27
Magic:  35/53      EV: 31    Int:  5    God:    Makhleb [******]
Gold:   0          SH:  0    Dex: 14    Spells: 80/80 levels left

rFire    . . .     SeeInvis .   l - +โˆž Axe of Woe
rCold    . . .     Gourm    .   (shield currently unavailable)
rNeg     . . .     Faith    .   b - +0 leather armour
rPois    .         Spirit   .   c - +0 hat
rElec    .         Reflect  .   (no cloak)
rCorr    .         Harm     .   (no gloves)
MR       ++...     NoTele   +   (no boots)
Stlth    +++++++++.             (no amulet)
HPRegen  0.55/turn              (no ring)
MPRegen  0.33/turn              (no ring)

@: no status effects
A: retaliatory headbutt, horns 2
a: Minor Destruction, Lesser Servant of Makhleb, Major Destruction, Greater
Servant of Makhleb, Renounce Religion


You were in the Dungeon.
You worshipped Makhleb.
Makhleb was exalted by your worship.
You were not hungry.

You visited 1 branch

Inventory:

Hand Weapons
 a - a +0 war axe
 l - the +โˆž Axe of Woe (weapon)
   (You found it in the Dungeon)
Missiles
 d - 3 throwing nets (quivered)
Armour
 b - a +0 leather armour (worn)
 c - a +0 hat (worn)
Scrolls
 k - a scroll of blinking
Potions
 e - a potion of curing
 g - a potion of heal wounds
 h - a potion of haste
 i - 2 potions of magic
 j - a potion of berserk rage
Comestibles
 f - a ration


   Skills:
 O Level 27 Fighting
 O Level 27 Axes
 O Level 27 Throwing
 O Level 27 Armour
 O Level 27 Dodging
 O Level 27 Stealth
 O Level 27 Unarmed Combat
 O Level 27 Spellcasting
 O Level 27 Invocations


You had 80 spell levels left.
You didn't know any spells.

Dungeon Overview and Level Annotations

Branches:
Dungeon (1/1)

Altars:
Makhleb


Innate Abilities, Weirdness & Mutations

You reflexively headbutt those who attack you in melee.
You have a pair of horns on your head.


Message History

The tyrant mumbles some strange words.
You hear a shout! x6
The tyrant waves its bony arms in wide circles.
The air twists around and strikes you!
* * * LOW HITPOINT WARNING * * *
You hear a shout! x2; You hear a roar!
You hit the accursed.
You butcher the accursed messily.
You destroy the accursed!
Makhleb accepts your kill.
You feel extremely nervous for a moment...
Death has come for you...
You hit the accursed.
You fatally mangle the accursed.
You destroy the accursed!
Makhleb accepts your kill.
You feel extremely nervous for a moment...
You are engulfed in negative energy!
You feel drained.
Your life force feels restored.
You hear a shout!
You feel something staring at you. Something smites you!
You die...

.........X#.#.....
ยง..LX.....X.......
#....X..XL........
#.X..%X......O...
.O...X.X.X......
..o..XDX2......
#)))....# ..
#)))@)).#
...###))).)o.###.
......))###L......
#.....).)_..oLo...
.....{#))...#O....
......#_)<)_#.%...
......#.)..M# ....
#........_.)....{.
........###.......


You could see 4 tentacled monstrosities, 4 tyrants, a reaper, an eight-headed
meat hydra, a large bag of meat (inner flame), 8 large abominations, 2 meat
berserkers and 4 bags of meat.

Vanquished Creatures
  5 hell beasts (D)
  5 greater mummies (D)
  A great orb of eyes (D)
  A wraith (D)
  13 vampire knights (D)
  31 ogres (D)
  4 two-headed ogres (D)
  4 liches (D)
  A hydra (D)
  58 orcs (D)
  2 phantoms (D)
  2 skeletal warriors (D)
  4 large abominations (D)
  7 small abominations (D)
  10 crawling corpses (D)
148 creatures vanquished.

Vanquished Creatures (others)
  A crawling corpse (D)
1 creature vanquished.

Grand Total: 149 creatures vanquished

Notes
Turn   | Place    | Note
-------+----------+-------------------------------------------
     0 | D        | Found the +โˆž Axe of Woe
     0 | D        | Fang the Minotaur Gladiator began the quest for the Orb.
     0 | D        | Reached XP level 1. HP: 18/18 MP: 0/0
     4 | D        | Became a worshipper of Makhleb the Destroyer
     5 | D        | Noticed a bag of meat
     6 | D        | Noticed a bag of meat
     8 | D        | Noticed a bag of meat
     9 | D        | Noticed a bag of meat
    10 | D        | Noticed a meat berserker
    11 | D        | Noticed a bag of meat
    12 | D        | Noticed a meat berserker
    12 | D        | Noticed a meat berserker
    12 | D        | Killed a bag of meat
    12 | D        | Reached XP level 2. HP: 41/41 MP: 1/1
    12 | D        | Reached XP level 3. HP: 48/48 MP: 2/2
    12 | D        | Reached XP level 4. HP: 56/56 MP: 3/3
    12 | D        | Reached XP level 5. HP: 62/62 MP: 4/4
    12 | D        | Reached XP level 6. HP: 70/70 MP: 5/5
    12 | D        | Reached XP level 7. HP: 77/77 MP: 6/6
    12 | D        | Reached XP level 8. HP: 83/83 MP: 7/7
    12 | D        | Reached XP level 9. HP: 90/90 MP: 8/8
    12 | D        | Reached XP level 10. HP: 97/97 MP: 9/9
    12 | D        | Reached XP level 11. HP: 104/104 MP: 10/10
    13 | D        | Noticed a meat berserker
    13 | D        | Killed a bag of meat
    13 | D        | Reached * piety under Makhleb
    13 | D        | Reached XP level 12. HP: 116/116 MP: 11/11
    14 | D        | Killed a meat berserker
    14 | D        | Reached skill level 27 in Axes
    14 | D        | Reached XP level 13. HP: 129/129 MP: 12/12
    14 | D        | Reached XP level 14. HP: 137/137 MP: 13/13
    15 | D        | Noticed a meat berserker
    16 | D        | Killed a meat berserker
    16 | D        | Reached skill level 27 in Dodging
    16 | D        | Reached XP level 15. HP: 91/156 MP: 14/14
    17 | D        | Killed a meat berserker
    17 | D        | Reached ** piety under Makhleb
    17 | D        | Killed a meat berserker
    17 | D        | Reached skill level 27 in Fighting
    17 | D        | Reached XP level 16. HP: 183/183 MP: 15/15
    19 | D        | Killed a meat berserker
    19 | D        | Reached skill level 27 in Throwing
    19 | D        | Reached XP level 17. HP: 186/191 MP: 16/16
    21 | D        | Reached *** piety under Makhleb
    22 | D        | Noticed a meat berserker
    24 | D        | Reached skill level 27 in Armour
    25 | D        | Noticed a meat berserker
    26 | D        | Killed a meat berserker
    26 | D        | Reached **** piety under Makhleb
    26 | D        | Reached XP level 18. HP: 200/200 MP: 16/30
    27 | D        | Reached skill level 15 in Unarmed Combat
    27 | D        | Reached skill level 10 in Spellcasting
    30 | D        | Killed a meat berserker
    30 | D        | Reached skill level 15 in Stealth
    30 | D        | Reached XP level 19. HP: 207/207 MP: 16/34
    31 | D        | Noticed a large bag of meat
    31 | D        | Reached ***** piety under Makhleb
    31 | D        | Reached skill level 15 in Spellcasting
    33 | D        | Noticed a destroyer
    34 | D        | Reached XP level 20. HP: 212/216 MP: 17/40
    35 | D        | Reached ****** piety under Makhleb
    35 | D        | Reached skill level 27 in Unarmed Combat
    35 | D        | Reached XP level 21. HP: 224/224 MP: 17/43
    36 | D        | Reached skill level 27 in Invocations
    37 | D        | Reached skill level 27 in Stealth
    38 | D        | Noticed a destroyer
    38 | D        | Noticed a destroyer
    39 | D        | Noticed a destroyer
    39 | D        | Killed a large bag of meat
    40 | D        | Killed a destroyer
    40 | D        | Reached skill level 27 in Spellcasting
    40 | D        | Reached XP level 22. HP: 233/233 MP: 18/52
    41 | D        | Noticed a destroyer
    41 | D        | HP: 4/233 [destroyer/+9 great sword of slicing (37)]
    42 | D        | Killed a destroyer
    42 | D        | Killed a destroyer
    42 | D        | Reached XP level 23. HP: 110/240 MP: 19/53
    43 | D        | Noticed a destroyer
    44 | D        | Noticed a large bag of meat
    46 | D        | Noticed an accursed
    48 | D        | Noticed a destroyer
    49 | D        | Noticed a tyrant
    50 | D        | Noticed a large bag of meat
    51 | D        | Noticed a destroyer
    51 | D        | Reached XP level 24. HP: 238/249 MP: 21/53
    51 | D        | Killed a destroyer
    53 | D        | Noticed a large bag of meat
    53 | D        | Noticed a tyrant
    53 | D        | Killed a tyrant
    53 | D        | Reached XP level 25. HP: 257/257 MP: 22/53
    54 | D        | Noticed a tyrant
    54 | D        | Killed a destroyer
    56 | D        | Killed a destroyer
    56 | D        | Killed a destroyer
    56 | D        | Reached XP level 26. HP: 266/266 MP: 22/53
    57 | D        | Noticed an accursed
    57 | D        | Killed a large bag of meat
    59 | D        | Killed a destroyer
    59 | D        | Killed a large bag of meat
    59 | D        | Reached XP level 27. HP: 273/273 MP: 23/53
    60 | D        | Noticed an accursed
    62 | D        | Killed an accursed
    63 | D        | Killed a tyrant
    64 | D        | Noticed a meat beast
    64 | D        | Killed a tyrant
    64 | D        | Killed a meat beast
    65 | D        | Killed a large bag of meat
    67 | D        | Killed an accursed
    68 | D        | Noticed a dread
    68 | D        | Noticed a meat beast
    68 | D        | Killed a meat beast
    69 | D        | Noticed a meat beast
    69 | D        | Noticed a tyrant
    70 | D        | Killed an accursed
    71 | D        | Noticed a destroyer
    71 | D        | Noticed a destroyer
    73 | D        | Killed a meat beast
    74 | D        | Killed a dread
    76 | D        | Killed a tyrant
    78 | D        | Noticed a destroyer
    80 | D        | Killed a destroyer
    80 | D        | Killed a destroyer
    87 | D        | Noticed a meat beast
    89 | D        | Noticed a meat beast
    89 | D        | Killed a destroyer
    93 | D        | Killed a meat beast
    94 | D        | Noticed a destroyer
    95 | D        | Killed a meat beast
    96 | D        | Noticed an accursed
    98 | D        | Noticed an accursed
   100 | D        | Noticed a tyrant
   100 | D        | Noticed a destroyer
   101 | D        | Noticed a tyrant
   102 | D        | Noticed an accursed
   103 | D        | Noticed a tyrant
   103 | D        | Killed a destroyer
   104 | D        | Noticed a large bag of meat
   104 | D        | Noticed a tyrant
   105 | D        | Killed a destroyer
   105 | D        | HP: 11/273 [tyrant/the air (36)]
   106 | D        | Killed an accursed
   106 | D        | Killed an accursed
   106 | D        | Killed from afar by an observer

Skill      XL: |  1  2  3  4  5  6  7  8  9 10 11 12 13 14 15 16 17 18 19 20 21 |
---------------+----------------------------------------------------------------+-----
Fighting       | 12 13 16 20 27 | 27.0
Axes           | 20 23 27 | 27.0
Throwing       | 9 11 13 16 24 27 | 27.0
Dodging        | 18 21 24 27 | 27.0
Armour         | 17 27 | 27.0
Stealth        | 11 15 21 24 27 | 27.0
Unarmed Combat | 13 18 24 27 | 27.0
Spellcasting   | 9 12 17 19 27 | 27.0
Invocations    | 12 17 22 26 27 | 27.0

Action                   |  1- 3 |  4- 6 |  7- 9 | 10-12 | 13-15 | 16-18 | 19-21 | 22-24 | 25-27 || total
-------------------------+-------+-------+-------+-------+-------+-------+-------+-------+-------++-------
Melee: Executioner's axe |     1 |       |       |     2 |     2 |     7 |     8 |     9 |    45 ||    74
Dodge: Dodged            |       |       |       |     1 |       |     1 |     1 |     1 |     3 ||     7
